 Dungeon Crawl Stone Soup version 0.30-a0-4-ga7cffc901d (webtiles) character file.

Game seed: 6305093717764306675

51 Setbun the Cutter (level 4, -1/26 HPs)
             Began as a Kobold Brigand on Aug 21, 2022.
             Slain by a goblin
             ... wielding a +0 dagger
             ... led by Robin
              (4 damage)
             ... on level 2 of the Dungeon.
             The game lasted 00:00:49 (1143 turns).

Setbun the Cutter (Kobold Brigand)                  Turns: 1143, Time: 00:00:50

Health: -1/26      AC:  3    Str: 14    XL:     4   Next: 7%
Magic:  4/4        EV: 14    Int: 12    God:
Gold:   42         SH:  0    Dex: 18    Spells: 3/3 levels left

rFire   . . .      SeeInvis .    a - +2 dagger
rCold   . . .      Faith    .    (no shield)
rNeg    . . .      Spirit   .    b - +0 robe
rPois   .          Reflect  .    (no helmet)
rElec   .          Harm     .    c - +0 cloak
rCorr   .          Rampage  .    (no gloves)
Will    .....                    (no boots)
Stlth   ++++......               (no amulet)
HPRegen 0.08/turn                g - +6 ring of strength
MPRegen 0.09/turn                (no ring)

@: no status effects
A: small, no large weapons, nightstalker 3
a: no special abilities


You were on level 2 of the Dungeon.
You visited 1 branch of the dungeon, and saw 2 of its levels.

You collected 42 gold pieces.

Inventory:

Hand Weapons
 a - a +2 dagger (weapon)
Missiles
 d - 15 poisoned darts (quivered)
 e - 3 curare-tipped darts
 f - 2 datura-tipped darts
Armour
 b - a +0 robe (worn)
 c - a +0 cloak (worn)
Jewellery
 g - a +6 ring of strength (left hand)
 k - a ring of ice
Scrolls
 h - a scroll of enchant weapon {unknown}
 l - a scroll of immolation {unknown}
 m - a scroll of noise {unknown}
Potions
 i - 2 potions of haste {unknown}
 j - a potion of magic {unknown}


   Skills:
 - Level 2.1 Fighting
 + Level 5.4 Short Blades
 - Level 2.1 Throwing
 - Level 1.2 Dodging
 - Level 5.3 Stealth


You had 3 spell levels left.
You didn't know any spells.
Your spell library was empty.

Dungeon Overview and Level Annotations

Branches:
Dungeon (2/15)

Altars:

Annotations:
D:2 Robin


Innate Abilities, Weirdness & Mutations

You are small and have problems with some larger weapons.
You are completely attuned to the shadows.


Message History

You barely miss the goblin. The goblin misses you.
The goblin hits you with a +0 dagger.
* * * LOW HITPOINT WARNING * * *
The goblin barely misses you. The goblin closely misses you.
You hit the goblin.
You kill the goblin!
The goblin hits you with a +0 dagger.
* * * LOW HITPOINT WARNING * * *
The goblin closely misses you.
Robin roars a battlecry!
The goblin closely misses you.
Robin says, "My goblins will feast on your bones."
Robin throws the goblin at you!
* * * LOW HITPOINT WARNING * * *
The goblin barely misses you.
Things that are here:
a +0 club; a goblin corpse You hit the goblin.
You kill the goblin!
The goblin attacks as you move away! The goblin closely misses you.
Robin throws the goblin at you!
You see here a +0 club.
You hit the goblin.
You kill the goblin!
Robin roars a battlecry!
You hit the goblin but do no damage. The goblin hits you but does no damage.
You closely miss the goblin. You hit the goblin.
The goblin is heavily wounded.
A hobgoblin comes into view.
The goblin barely misses you.
You barely miss the goblin.
The goblin is heavily wounded.
The goblin barely misses you. Robin throws the goblin at you!
You hit the goblin.
The goblin is almost dead.
You hit the goblin.
You kill the goblin!
The goblin hits you with a +0 dagger.
You die...

#.# #.# #.#
#.# #.# #.# #
#.# ####.#
#.######)(...
#..g@))gg...#
#..#####)####
#..# #.# #..#
#.# #..# #.#


You could see Robin, a hobgoblin (strong) and a goblin (strong).

Vanquished Creatures
  A gnoll (D:1)
  An adder (D:2)
  A dart slug (D:1)
  5 endoplasms (D:1)
  9 goblins
  2 hobgoblins (D:1)
  A kobold (D:1)
  3 ball pythons (D:1)
  2 bats (D:1)
  3 frilled lizards (D:1)
  A rat (D:1)
29 creatures vanquished.

Notes
Turn   | Place    | Note
-------+----------+-------------------------------------------
     0 | D:1      | Setbun the Kobold Brigand began the quest for the Orb.
     0 | D:1      | Reached XP level 1. HP: 12/12 MP: 1/1
   221 | D:1      | Reached XP level 2. HP: 17/17 MP: 2/2
   556 | D:1      | Found a faded altar of an unknown god.
   576 | D:1      | Reached XP level 3. HP: 21/21 MP: 3/3
  1102 | D:2      | Reached skill level 5 in Short Blades
  1122 | D:2      | Noticed Robin
  1130 | D:2      | Reached XP level 4. HP: 8/26 MP: 4/4
  1143 | D:2      | Slain by a goblin

Illustrated notes

Levels and vault maps discovered:
D:1:      saegor_arrival_under_anarchy, layout_loops_ring,
          chequers_ecumenical_altar_simple_redux, hex_large, minivault_14,
          amcnicky_mini_pool_small, serial_park_tiny_pond
D:2:      layout_loops_ring, glass_columns_b, uniq_robin

Skill      XL: |  1  2  3 |
---------------+----------+-----
Short Blades   | 3 4 5 |  5.4
Fighting       | |  2.1
Throwing       | |  2.1
Dodging        | |  1.2
Stealth        | |  5.3

Action                   |  1- 3 |  4- 6 || total
-------------------------+-------+-------++-------
Melee: Dagger            |    58 |    10 ||    68
 Stab: Sleeping          |    15 |       ||    15
Armor: Robe              |     9 |     2 ||    11
Dodge: Dodged            |    21 |    12 ||    33

Table legend: (Time is in decaauts)
 A = Elapsed time spent in this place.
 B = Non-inter-level travel time spent in this place.
 C = Inter-level travel time spent in this place.
 D = Time resting spent in this place.
 E = Time spent auto-exploring this place.
 F = Levels seen in this place.
 G = Mean time per level.
                   A        B        C        D        E       F      G
               +--------+--------+--------+--------+--------+-----+--------+
         Total |   1129 |   1095 |     34 |      0 |    956 |   2 |  564.5 |
       Dungeon |   1129 |   1095 |     34 |      0 |    956 |   2 |  564.5 |
               +--------+--------+--------+--------+--------+-----+--------+

Top non-repeatable levels by time:
     D:1: 1091 daAuts
     D:2: 37 daAuts
